Arrhythmia, chaotic female vampiric Convict ------- --------- ---------- |....`| #-........# |........| |.....+#########|...<...|# ##|........| |.....|#0#######|.......|# # |.........# |......# |.......|# ########.........|# |.{...| ---------# ############# |........|# ---.--- # #------####|........|# # # #|....|# ----------# # # #-....|# # # ########## ###|...>+# # # #--------# # |....| # # #|.......###### ------ # ------|------ #|......|# # # |...........| #|......|#### # |][!*@!%!*.[| #-......|## ### ------- |![(!?m/?%?)| |...%..+#############%###################-.....| |!?=(%aa!!**| |......| ###|>....| |!)?![@%()!%| -------- #......| ------------- ------- Arrhythmia the Inmate Experience level: 5 Strength: 25 Dexterity: 12 Constitution: 17 Intelligence: 13 Wisdom: 9 Charisma: 8 Health: 0(42) Energy: 26(26) AC: 6 Gold: 0 Moves: 2245 Your Inventory: Weapons e - an [uncursed +0] crude dagger [orcish] g - 10 [uncursed +0] darts Armor b - an uncursed +0 striped shirt l - an [uncursed] +0 leather jacket (being worn) v - an uncursed +0 pair of gauntlets of power (being worn) w - an uncursed +0 cloak of invisibility z - an uncursed +0 pair of kicking boots (being worn) N - an [uncursed] +0 iron skull cap [orcish helm] (being worn) Comestibles d - an [uncursed] Hot Futa Mare Dick Scrolls O - an [uncursed] scroll labeled VELOX NEB [of enchant armor] Potions i - a blessed potion of healing r - an [uncursed] pink potion [of monster detection] Tools u - an [uncursed] skeleton key A - an [uncursed] magic marker [0:48] P - an [uncursed] lock pick Gems n - an [uncursed] violet gem [worthless glass] o - an [uncursed] green gem [jade] p - 2 [uncursed] red gems [jasper] s - an [uncursed] blue gem [worthless glass] Spells known in the end: Name Level Category Fail Memory Your skills at the end: Fighting Skills Weapon Skills sling [Basic / Skilled] Spellcasting Skills Final Attributes: You were piously aligned. Hunger level was 457. Your alignment was 21 / 21. Monster difficulty range was 0 - 4. Level difficulty was 4. You were immune to level-drain. You were immune to sickness. You could fly. You could survive without air. You regenerated. Your luck was zero. You are dead. Vanquished creatures: a large mimic a small mimic 3 water moccasins a shrieker 2 acid blobs a large kobold a cave spider 2 geckos 9 jackals 3 kobolds 4 goblins 3 grid bugs 3 lichens 3 newts 37 creatures vanquished. Voluntary challenges: You went without food. You never hit with a wielded weapon. You read items or engraved 52 times. You put on armor 12 times. You never genocided any monsters. You never polymorphed an object. You never changed form. You used no wishes. You wrote Elbereth's name 36 times. You never encountered a bones level. You never used any Sokoban shortcuts. Dungeon overview: The Dungeons of Doom: levels 1 to 4 Level 1 a long staircase Level 2 a general store Level 3 a general store Level 4 <- You were here a general store, a fountain a long staircase History has recorded: On T:1 you entered the Dungeons of Doom to retrieve the Amulet of Yendor! On T:366 you advanced to experience level 2. On T:628 you reached level 2 of The Dungeons of Doom. On T:708 you advanced to experience level 3. On T:1134 you advanced to experience level 4. On T:1146 you reached level 3 of The Dungeons of Doom. On T:1799 you advanced to experience level 5. On T:1946 you reached level 4 of The Dungeons of Doom. Latest messages: [HP-7=35] You miss the small mimic. (2x) The giant ant bites! The giant ant just misses! [HP-1=34] You hit the small mimic. You bite the small mimic. The giant ant bites! (2x) The small mimic hits! The giant ant bites! (2x) You hear the splashing of a naiad. [HP-19=15] You miss the small mimic. You bite the small mimic. The giant ant bites! (2x) [HP-4=11] You see here an aluminum wand (200 zorkmids). The giant ant bites! (2x) [HP-6=5] You scrawl "Elbereth" with your fingers onto the floor. The giant ant bites! (2x) You die... Akalapi comes and takes all your possessions. Final status: Goodbye Arrhythmia the Convict... You died in The Dungeons of Doom on dungeon level 4 with 1144 points, and 0 pieces of gold, after 2245 moves. You were level 5 with a maximum of 42 hit points when you died.